TOP OF THE 1ST |
---|
Savannah Hogs batting - Pitching for Nashua Redlegs : LHP Leonard Simmons | Pitching: LHP Leonard Simmons | | Batting: RHB Pedro Zavala | 0-0: Called Strike 0-1: Ball 1-1: Called Strike 1-2: Strikes out swinging | Batting: SHB Juan Chávez | 0-0: Fly out, F9 (Flyball, 89M) | Batting: SHB Ramón Minas | 0-0: Swinging Strike 0-1: Swinging Strike 0-2: Strikes out looking | Top of the 1st over - 0 runs, 0 hits, 0 errors, 0 left on base; Savannah 0 - Nashua 0 | TOP OF THE 2ND |
---|
Savannah Hogs batting - Pitching for Nashua Redlegs : LHP Leonard Simmons | Batting: RHB Orlando Márquez | 0-0: Fly out, F8 (Line Drive, 8LD) | Batting: LHB Alberto Castellanos | 0-0: DOUBLE (Flyball, 8LD) | Batting: RHB Tucker Cooper | 0-0: Called Strike 0-1: Called Strike 0-2: Strikes out swinging | Batting: LHB António Gutiérrez | 0-0: Called Strike 0-1: Foul Ball, location: 2F 0-2: Ball 1-2: Strikes out swinging, 2-3 out at first. | Top of the 2nd over - 0 runs, 1 hit, 0 errors, 1 left on base; Savannah 0 - Nashua 1 | BOTTOM OF THE 2ND |
---|
Nashua Redlegs batting - Pitching for Savannah Hogs : LHP Tomás Prieto | Batting: RHB José Méndez | 0-0: Called Strike 0-1: Ball 1-1: Ball 2-1: Ball 3-1: Base on Balls | Batting: RHB Jorge Valenzuela | 0-0: Ball 1-0: Foul Ball, location: 2F 1-1: Called Strike 1-2: Foul Ball, location: 2F 1-2: Ball 2-2: Foul Ball, location: 2F 2-2: DOUBLE (Flyball, 89D) José Méndez to third Runner from 3rd tries for Home, SAFE, no throw | Batting: RHB Dave Warren | 0-0: Called Strike 0-1: Foul Ball, location: 2F 0-2: Ball 1-2: Ground out 6-3 (Groundball, 56) | Batting: RHB António López | 0-0: Ball 1-0: Ball 2-0: Ball 3-0: Called Strike 3-1: Base on Balls | Batting: RHB Spencer Pritchett | 0-0: Called Strike 0-1: Called Strike 0-2: Ball 1-2: SINGLE (Line Drive, 7S) Jorge Valenzuela to third António López to second Runner from 3rd tries for Home, SAFE, throw made at trailing runner, OUT at third! | Batting: RHB David Adams | 0-0: Foul Ball, location: 2F 0-1: Ball 1-1: Ground out 4-3 (Groundball, 4) | Bottom of the 2nd over - 2 runs, 2 hits, 0 errors, 1 left on base; Savannah 0 - Nashua 3 | TOP OF THE 3RD |
---|
Savannah Hogs batting - Pitching for Nashua Redlegs : LHP Leonard Simmons | Batting: RHB Rick Holman | 0-0: Ball 1-0: Called Strike 1-1: Foul Ball, location: 2F 1-2: Strikes out looking | Batting: RHB Júlio Contreras | 0-0: Called Strike 0-1: Called Strike 0-2: Strikes out swinging | Batting: RHB Pedro Zavala | 0-0: Ball 1-0: Fly out, F8 (Flyball, 8LD) | Top of the 3rd over - 0 runs, 0 hits, 0 errors, 0 left on base; Savannah 0 - Nashua 3 | BOTTOM OF THE 3RD |
---|
Nashua Redlegs batting - Pitching for Savannah Hogs : LHP Tomás Prieto | Batting: RHB Bob Fitzgerald | 0-0: Ball 1-0: Ball 2-0: Swinging Strike 2-1: SINGLE (Groundball, 4MS) (infield hit) | Batting: RHB Katsuhito Ohayashi | 0-0: Ball 1-0: Called Strike 1-1: Ball 2-1: Ball 3-1: Called Strike 3-2: Fly out, F7 (Flyball, 7D) | Batting: RHB Manny Herrera | 0-0: Ball 1-0: Swinging Strike 1-1: SINGLE (Line Drive, 56) Bob Fitzgerald to second | Batting: RHB José Méndez | 0-0: Called Strike 0-1: Foul Ball, location: 2F 0-2: Foul Ball, location: 2F 0-2: Ball 1-2: Strikes out swinging | Batting: RHB Jorge Valenzuela | 0-0: Called Strike 0-1: Ball 1-1: Called Strike 1-2: Strikes out swinging | Bottom of the 3rd over - 0 runs, 2 hits, 0 errors, 2 left on base; Savannah 0 - Nashua 3 | TOP OF THE 4TH |
---|
Savannah Hogs batting - Pitching for Nashua Redlegs : LHP Leonard Simmons | Batting: SHB Juan Chávez | 0-0: Ball 1-0: Called Strike 1-1: Called Strike 1-2: Ball 2-2: Ground out 5-3 (Groundball, 56) | Batting: SHB Ramón Minas | 0-0: Swinging Strike 0-1: Foul Ball, location: 2F 0-2: Ball 1-2: Ball 2-2: Strikes out swinging | Batting: RHB Orlando Márquez | 0-0: Ball 1-0: Swinging Strike 1-1: Foul Ball, location: 2F 1-2: Foul Ball, location: 2F 1-2: Strikes out swinging | Top of the 4th over - 0 runs, 0 hits, 0 errors, 0 left on base; Savannah 0 - Nashua 3 | BOTTOM OF THE 4TH |
---|
Nashua Redlegs batting - Pitching for Savannah Hogs : LHP Tomás Prieto | Batting: RHB Dave Warren | 0-0: Ball 1-0: Ball 2-0: SINGLE (Line Drive, 8LS) | Batting: RHB António López | 0-0: Ball 1-0: Called Strike 1-1: Foul Ball, location: 2F 1-2: Ground out 4-3 (Groundball, 4S) Dave Warren to second | Batting: RHB Spencer Pritchett | 0-0: Ball 1-0: Called Strike 1-1: Ground out 3-1 (Groundball, 34S) Dave Warren to third | Batting: RHB David Adams | 0-0: Ball 1-0: Called Strike 1-1: Ball 2-1: SINGLE (Groundball, 34D) Dave Warren scores | Batting: RHB Bob Fitzgerald | 0-0: Fly out, F8 (Flyball, 8RM) | Bottom of the 4th over - 1 run, 2 hits, 0 errors, 1 left on base; Savannah 0 - Nashua 4 | TOP OF THE 5TH |
---|
Savannah Hogs batting - Pitching for Nashua Redlegs : LHP Leonard Simmons | Batting: LHB Alberto Castellanos | 0-0: Called Strike 0-1: Ball 1-1: Ball 2-1: Fly out, F2 (Popup, 5SF) | Batting: RHB Tucker Cooper | 0-0: Swinging Strike 0-1: Ball 1-1: Swinging Strike 1-2: Ball 2-2: Strikes out swinging | Batting: LHB António Gutiérrez | 0-0: Ball 1-0: Called Strike 1-1: Ball 2-1: Ball 3-1: Base on Balls | Batting: RHB Rick Holman | 0-0: Ball 1-0: Ball 2-0: Fly out, F9 (Flyball, 9LSF) | Top of the 5th over - 0 runs, 0 hits, 0 errors, 1 left on base; Savannah 0 - Nashua 4 | BOTTOM OF THE 5TH |
---|
Nashua Redlegs batting - Pitching for Savannah Hogs : LHP Tomás Prieto | Batting: RHB Katsuhito Ohayashi | 0-0: Swinging Strike 0-1: Hit by Pitch | Batting: RHB Manny Herrera | 0-0: Fly out, F4 (Line Drive, 4M) | Batting: RHB José Méndez | 0-0: Called Strike 0-1: Fly out, F8 (Flyball, 8RM) | Batting: RHB Jorge Valenzuela | 0-0: Ball Katsuhito Ohayashi is caught stealing 2nd base | Bottom of the 5th over - 0 runs, 0 hits, 0 errors, 0 left on base; Savannah 0 - Nashua 4 | TOP OF THE 6TH |
---|
Savannah Hogs batting - Pitching for Nashua Redlegs : LHP Leonard Simmons | Batting: RHB Júlio Contreras | 0-0: Ball 1-0: Ball 2-0: Foul Ball, location: 2F 2-1: Fly out, F7 (Flyball, 7S) | Batting: RHB Pedro Zavala | 0-0: Ball 1-0: Foul Ball, location: 2F 1-1: Called Strike 1-2: Foul Ball, location: 2F 1-2: Ball 2-2: Ball 3-2: Foul Ball, location: 2F 3-2: Base on Balls | Batting: SHB Juan Chávez | 0-0: Called Strike 0-1: Ball Error on foul ball, E5 1-2: Strikes out looking | Batting: SHB Ramón Minas | 0-0: 2-RUN HOME RUN (Flyball, 7LD), Distance : 329 ft | Batting: RHB Orlando Márquez | 0-0: Hit by Pitch | Batting: LHB Alberto Castellanos | 0-0: Ball 1-0: SINGLE (Groundball, 34D) Orlando Márquez to second Runner from 2nd tries for 3rd, SAFE, no throw | Batting: RHB Tucker Cooper | 0-0: Ball 1-0: Called Strike 1-1: Reached on error, E5 (Groundball, 56S) Orlando Márquez scores Alberto Castellanos to third | Batting: LHB António Gutiérrez | 0-0: Foul Ball, location: 2F 0-1: Called Strike 0-2: Ball 1-2: Strikes out swinging | Top of the 6th over - 3 runs, 2 hits, 2 errors, 2 left on base; Savannah 3 - Nashua 4 | BOTTOM OF THE 6TH |
---|
Nashua Redlegs batting - Pitching for Savannah Hogs : LHP Tomás Prieto | Pitching: RHP William Gallegos | | Batting: RHB Jorge Valenzuela | 0-0: Called Strike 0-1: Ball 1-1: Foul Ball, location: 2F 1-2: Ball 2-2: Fly out, F2 (Popup, 3SF) | Batting: RHB Dave Warren | 0-0: Called Strike 0-1: Swinging Strike 0-2: Ball 1-2: Foul Ball, location: 2F 1-2: Ball 2-2: Strikes out swinging | Batting: RHB António López | 0-0: SINGLE (Flyball, 8LS) | Batting: RHB Spencer Pritchett | 0-0: Ball António López steals 2nd base 1-0: SINGLE (Line Drive, 6MD) António López to third Runner from 3rd tries for Home, SAFE, no throw | Batting: RHB David Adams | 0-0: Ball 1-0: Called Strike 1-1: Ball 2-1: Ball 3-1: Foul Ball, location: 2F 3-2: Strikes out swinging | Bottom of the 6th over - 1 run, 2 hits, 0 errors, 1 left on base; Savannah 3 - Nashua 5 | TOP OF THE 7TH |
---|
Savannah Hogs batting - Pitching for Nashua Redlegs : LHP Leonard Simmons | Batting: RHB Rick Holman | 0-0: Called Strike 0-1: Swinging Strike 0-2: Foul Ball, location: 2F 0-2: SINGLE (Line Drive, 7LS) | Batting: RHB Júlio Contreras | 0-0: Called Strike 0-1: Foul Ball, location: 2F 0-2: Strikes out swinging | Batting: RHB Pedro Zavala | 0-0: Called Strike Rick Holman steals 2nd base 0-1: Ball 1-1: Called Strike Rick Holman steals 3rd base 1-2: Ball 2-2: Strikes out swinging | Batting: SHB Juan Chávez | 0-0: Swinging Strike 0-1: Called Strike 0-2: Ball 1-2: Strikes out swinging | Top of the 7th over - 0 runs, 1 hit, 0 errors, 1 left on base; Savannah 3 - Nashua 5 | BOTTOM OF THE 7TH |
---|
Nashua Redlegs batting - Pitching for Savannah Hogs : RHP William Gallegos | Batting: RHB Bob Fitzgerald | 0-0: Fly out, F3 (Popup, 3S) | Batting: RHB Katsuhito Ohayashi | 0-0: Ball 1-0: Ball 2-0: SINGLE (Groundball, 56D) | Batting: RHB Manny Herrera | 0-0: Ball 1-0: Foul Ball, location: 2F 1-1: Ball 2-1: Grounds into double play, 6-4-3 (Groundball, 6) | Bottom of the 7th over - 0 runs, 1 hit, 0 errors, 0 left on base; Savannah 3 - Nashua 5 | TOP OF THE 8TH |
---|
Savannah Hogs batting - Pitching for Nashua Redlegs : LHP Leonard Simmons | Pitching: RHP Samuel Farrell | | Now at 3B: José Vélez | | Now at SS: John Newman | | Batting: SHB Ramón Minas | 0-0: Swinging Strike 0-1: Swinging Strike 0-2: Ball 1-2: Strikes out swinging | Pitching: LHP Alberto Ledezma | | Batting: RHB Orlando Márquez | 0-0: Called Strike 0-1: Ball 1-1: Swinging Strike 1-2: Foul Ball, location: 2F 1-2: Fly out, F7 (Flyball, 78M) | Batting: LHB Alberto Castellanos | 0-0: Foul Ball, location: 2F 0-1: Fly out, F5 (Popup, 56S) | Top of the 8th over - 0 runs, 0 hits, 0 errors, 0 left on base; Savannah 3 - Nashua 5 | BOTTOM OF THE 8TH |
---|
Nashua Redlegs batting - Pitching for Savannah Hogs : RHP William Gallegos | Batting: RHB José Méndez | 0-0: Ball 1-0: Swinging Strike 1-1: Foul Ball, location: 2F 1-2: Strikes out swinging | Batting: RHB Jorge Valenzuela | 0-0: Ball 1-0: Foul Ball, location: 2F 1-1: Ball 2-1: Ground out 6-3 (Groundball, 6) | Batting: RHB Dave Warren | 0-0: Ground out 6-3 (Groundball, 6) | Bottom of the 8th over - 0 runs, 0 hits, 0 errors, 0 left on base; Savannah 3 - Nashua 5 | TOP OF THE 9TH |
---|
Savannah Hogs batting - Pitching for Nashua Redlegs : LHP Alberto Ledezma | Pitching: LHP Earnest Patterson | | Batting: RHB Tucker Cooper | 0-0: Swinging Strike 0-1: Foul Ball, location: 2F 0-2: Foul Ball, location: 2F 0-2: Strikes out swinging | Batting: LHB António Gutiérrez | 0-0: Ball 1-0: Foul Ball, location: 2F 1-1: Ball 2-1: Called Strike 2-2: Foul Ball, location: 2F 2-2: Foul Ball, location: 2F 2-2: Fly out, F7 (Flyball, 7) | Batting: RHB Rick Holman | 0-0: Swinging Strike 0-1: Ball 1-1: Ball 2-1: Ground out 6-3 (Groundball, 6) | Top of the 9th over - 0 runs, 0 hits, 0 errors, 0 left on base; Savannah 3 - Nashua 5 | |